 Dungeon Crawl Stone Soup version 0.26.0-10-g1f06aea511 (webtiles) character file.

Game seed: 980591996978086585

18635 wakim the Nimble (level 12, -18/73 HPs)
             Began as a Deep Elf Conjurer on Jan 28, 2021.
             Was an Elder of Vehumet.
             Killed from afar by a raiju (20 damage)
             ... with a living lightning
             ... on level 2 of the Abyss.
             The game lasted 01:12:31 (13082 turns).

wakim the Nimble (Deep Elf Conjurer)               Turns: 13082, Time: 01:12:31

Health: -18/73     AC: 14    Str: 10    XL:     12   Next: 29%
Magic:  28/28      EV: 15    Int: 28    God:    Vehumet [****..]
Gold:   682        SH:  9    Dex: 10    Spells: 14/31 levels left

rFire    . . .     SeeInvis .   a - +1 short sword of the Twisting Firefly {vorpal, +Inv rPois Int+2 Dex-3}
rCold    . . .     Faith    .   y - +0 kite shield
rNeg     . . .     Spirit   .   j - +0 steam dragon scales
rPois    +         Reflect  .   D - +0 helmet
rElec    .         Harm     .   x - +2 cloak
rCorr    +         Rampage  .   (no gloves)
Will     .....                  s - +0 pair of boots
Stlth    ++........             I - amulet of magic regeneration
HPRegen  0.22/turn              l - ring of resist corrosion
MPRegen  0.46/turn              u - ring of Emiunwot {rPois Will- AC+4 Str+3}

@: about to teleport, studying Fire Magic
A: no striking features
a: Renounce Religion, Evoke Invisibility


You were on level 2 of the Abyss.
You worshipped Vehumet.
Vehumet was greatly pleased with you.
You visited 2 branches of the dungeon, and saw 13 of its levels.
You visited the Abyss 1 time.

You collected 682 gold pieces.

Inventory:

Hand Weapons
 a - the +1 short sword of the Twisting Firefly (weapon) {vorpal, +Inv rPois Int+2 Dex-3}
   (You found it on level 12 of the Dungeon)

   It inflicts extra damage upon your enemies.
   It affects your intelligence (+2).
   It affects your dexterity (-3).
   It protects you from poison.
   It lets you turn invisible.
 b - a +3 scimitar of flaming
Missiles
 F - 2 throwing nets
Armour
 j - +0 steam dragon scales (worn)
 s - a +0 pair of boots (worn)
 x - a +2 cloak (worn)
 y - a +0 kite shield (worn)
 A - a +1 robe of fire resistance
 D - a +0 helmet (worn)
 H - a +1 robe of willpower
 J - +0 pearl dragon scales
 K - a +2 robe of positive energy
Jewellery
 l - a ring of resist corrosion (left hand)
 p - an uncursed ring of positive energy
 u - the ring of Emiunwot (right hand) {rPois Will- AC+4 Str+3}
   (You found it on level 4 of the Dungeon)

   [ring of protection]

   It affects your AC (+4).
   It affects your strength (+3).
   It protects you from poison.
   It affects your willpower, your defense against some magical effects.
 w - an uncursed ring of willpower {unknown}
 G - an uncursed ring of flight
 I - an amulet of magic regeneration (around neck)
Wands
 r - a wand of digging (8)
 E - a wand of acid (9)
Scrolls
 c - a scroll of magic mapping
 e - 2 scrolls of summoning
 h - 5 scrolls of teleportation
 k - 2 scrolls of identify
 m - 4 scrolls of remove curse
 o - 6 scrolls of amnesia
 q - 4 scrolls of fear
 t - 5 scrolls of fog
Potions
 d - 2 potions of haste {unknown}
 f - a potion of flight {unknown}
 g - 4 potions of heal wounds
 i - a potion of lignification {unknown}
 n - 4 potions of curing
 v - 3 potions of brilliance
 z - 3 potions of cancellation {unknown}
 B - 3 potions of mutation {unknown}
Books
 C - a manual of Fire Magic


   Skills:
 + Level 7.7 Fighting
 - Level 1.8 Armour
 + Level 11.4 Dodging
 - Level 2.4 Stealth
 + Level 6.5 Shields
 - Level 10.0 Spellcasting
 + Level 9.7 Conjurations
 - Level 6.0 Hexes
 - Level 3.0 Translocations
 - Level 5.0 Fire Magic
 + Level 4.9 Earth Magic


You had 14 spell levels left.
You knew the following spells:

 Your Spells              Type           Power        Failure   Level
a - Magic Dart            Conj           100%         1%          1
b - Searing Ray           Conj           100%         1%          2
c - Fulminant Prism       Conj/Hex       27%          1%          4
d - Iskenderun's Mystic   Conj/Tloc      49%          2%          4
e - Foxfire               Conj/Fire      100%         1%          1
f - Bolt of Magma         Conj/Fire/Erth 25%          6%          5

Your spell library contained the following spells:

 Spells                   Type           Power        Failure   Level
 Inner Flame              Hex/Fire       44%          1%          3
 Dazzling Flash           Conj/Hex       100%         1%          3
 Leda's Liquefaction      Hex/Erth       22%          13%         4
 Iron Shot                Conj/Erth      26%          22%         6
 Statue Form              Tmut/Erth      18%          100%        6
 Shatter                  Erth           20%          100%        9


Dungeon Overview and Level Annotations

Branches:
Dungeon (12/15)            Temple (1/1) D:4            Lair (0/6) D:9
    Orc: D:9-12

Altars:
Ashenzari
Cheibriados
Dithmenos
Elyvilon
Fedhas
Gozag
Hepliaklqana
Kikubaaqudgha
Makhleb
Nemelex Xobeh
Okawaru
Qazlal
Ru
Sif Muna
Trog
Uskayaw
Vehumet
Wu Jian
Xom
Yredelemnul
Zin
The Shining One

Shops:
D:7 [

Annotations:
D:5 4 runed translucent doors, Crazy Yiuf; Goblin1989's ghost, weakling DsDe; Sassenached's ghost, novice NaWn; StoneSoupSpirit's ghost, novice DsCK; jt's ghost, amateur PaNe; kuzco6543's ghost, novice DrTm
D:9 1 runed translucent door


Message History

The ancient zyme hits you but does no damage.
The ancient zyme hits you.
* * * LOW HITPOINT WARNING * * *
The raiju barks!
You block the sixfirhy's attack.
The sixfirhy hits you but does no damage.
You block the sixfirhy's attack.
The sixfirhy hits you but does no damage.
The raiju bursts into living lightning!
The living lightning misses you.
The raiju blinks!
As you read the scroll of teleportation, it crumbles to dust.
You feel strangely unstable.
You feel the power of the Abyss delaying your translocation!
The sixfirhy hits you.
* * * LOW HITPOINT WARNING * * *
The sixfirhy shocks you!
* * * LOW HITPOINT WARNING * * *
The raiju bursts into living lightning!
The living lightning hits you!!
You die...

.. # . #. #. .
.. .#.### . #
.#.h#.# .#
#...#h#..#
#@.#.....# ##
#3xh....# #
###.##x..)#.##
##°#....X#..#..#
....###..##.#.#
#..#...#)...#
#..#. ...##
#...##..##
#...##..## #


You could see an ancient zyme, a large abomination, a sixfirhy, 2 raiju and a
small abomination.

Vanquished Creatures
  2 ogre magi (D:12)
  A two-headed ogre (D:9)
  Erica (D:8)
  A sun demon (Abyss:2)
  6 wizards (D:12)
  2 deep elf magi (D:12)
  An orc sorcerer (D:12)
  A smoke demon (Abyss:2)
  Joseph (D:8)
  An elephant (D:8)
  A komodo dragon (D:11)
  A troll (D:12)
  2 hornets
  Grinder (D:5)
  4 slime creatures
  Sigmund (D:6)
  3 wyverns
  15 yaks
  A wraith (D:12)
  2 basilisks
  2 steam dragons
  Eustachio (D:6)
  A soldier ant (D:10)
  3 orc warriors
  A black bear (D:6)
  3 sky beasts
  2 eyes of draining
  5 ogres
  3 centaurs
  9 bullfrogs
  A wyvern zombie (D:10)
  A wyvern skeleton (D:6)
  5 scorpions
  5 killer bees (D:9)
  15 wights
  4 howler monkeys
  A bullfrog zombie (D:7)
  A centaur zombie (D:7)
  A quasit (D:8)
  5 jellies
  3 orc priests
  2 hounds
  9 orc wizards
  2 bullfrog skeletons
  5 iguanas
  8 worker ants
  8 gnolls (D:7)
  A worker ant zombie (D:7)
  15 adders
  2 white imps
  2 ufetubi
  2 adder skeletons
  2 worms
  A dart slug (D:1)
  2 leopard geckos
  46 orcs
  A ball python (D:3)
  2 bat zombies (D:4)
  5 giant cockroaches
  8 goblins
  6 hobgoblins
  9 jackals
  9 quokkas
  7 bats
  A frilled lizard (D:2)
  8 kobolds
  A leopard gecko skeleton (D:7)
  4 rats
  A rat zombie (D:4)
289 creatures vanquished.

Vanquished Creatures (others)
  A sky beast (D:11)
  80 foxfires
  59 fulminant prisms
  4 fungi (D:9)
  3 plants (D:9)
147 creatures vanquished.

Grand Total: 436 creatures vanquished

Notes
Turn   | Place    | Note
-------+----------+-------------------------------------------
     0 | D:1      | wakim the Deep Elf Conjurer began the quest for the Orb.
     0 | D:1      | Reached XP level 1. HP: 10/10 MP: 6/6
   359 | D:1      | Reached XP level 2. HP: 15/15 MP: 6/8
   477 | D:1      | Learned a level 2 spell: Searing Ray
  1008 | D:2      | Reached skill level 3 in Dodging
  1077 | D:2      | Reached skill level 5 in Conjurations
  1077 | D:2      | Reached XP level 3. HP: 19/19 MP: 7/10
  1138 | D:2      | Found a faded altar of an unknown god.
  1226 | D:2      | Reached XP level 4. HP: 13/24 MP: 7/11
  1917 | D:3      | Reached XP level 5. HP: 28/28 MP: 8/13
  2510 | D:3      | Found an iron altar of Okawaru.
  2610 | D:4      | Reached skill level 4 in Dodging
  2696 | D:4      | Reached skill level 5 in Spellcasting
  2696 | D:4      | Reached XP level 6. HP: 23/32 MP: 6/15
  2845 | D:4      | Got a bound steel ring
  2860 | D:4      | Got a crude scale mail
  3095 | D:4      | Found a staircase to the Ecumenical Temple.
  3132 | Temple   | Entered the Ecumenical Temple
  3176 | Temple   | Became a worshipper of Vehumet
  3447 | D:4      | Found an ancient bone altar of Kikubaaqudgha.
  3448 | D:4      | Identified the ring of Emiunwot {rPois Will- AC+4 Str+3}
                  | (You found it on level 4 of the Dungeon)
  3456 | D:4      | Learned a level 4 spell: Fulminant Prism
  3461 | D:4      | Learned a level 4 spell: Iskenderun's Mystic Blast
  3471 | D:4      | Identified the +2 scale mail of the Kraken {Will+} (You
                  | found it on level 4 of the Dungeon)
  3519 | D:5      | Entered Level 5 of the Dungeon
  3567 | D:5      | Found a runed translucent gate.
  3567 | D:5      | Noticed Goblin1989's ghost (weakling DsDe)
  3568 | D:5      | Found a runed translucent gate.
  3568 | D:5      | Noticed jt's ghost (amateur PaNe)
  3568 | D:5      | Noticed StoneSoupSpirit's ghost (novice DsCK)
  3568 | D:5      | Noticed Sassenached's ghost (novice NaWn)
  3568 | D:5      | Noticed kuzco6543's ghost (novice DrTm)
  3569 | D:5      | Found a runed translucent gate.
  3604 | D:5      | Found a runed translucent door.
  3605 | D:5      | Noticed Crazy Yiuf
  3770 | D:5      | Reached skill level 5 in Dodging
  3788 | D:5      | Noticed Grinder
  3795 | D:5      | Killed Grinder
  3796 | D:5      | Reached skill level 1 in Fighting
  3796 | D:5      | Reached skill level 1 in Hexes
  3796 | D:5      | Reached skill level 1 in Translocations
  3796 | D:5      | Reached XP level 7. HP: 36/38 MP: 8/17
  4317 | D:6      | Reached skill level 6 in Dodging
  4526 | D:6      | Noticed Sigmund
  4530 | D:6      | Killed Sigmund
  4531 | D:6      | Reached XP level 8. HP: 44/44 MP: 13/19
  4772 | D:6      | Noticed Eustachio
  4781 | D:6      | Killed Eustachio
  4782 | D:6      | Reached skill level 1 in Armour
  4940 | D:6      | Reached * piety under Vehumet
  4940 | D:6      | Offered knowledge of Foxfire by Vehumet.
  4943 | D:6      | Learned a level 1 spell: Foxfire
  5108 | D:6      | Reached skill level 7 in Dodging
  5117 | D:6      | Reached skill level 1 in Fire Magic
  5206 | D:6      | Found a sparkling altar of Nemelex Xobeh.
  5206 | D:6      | Found an opulent altar of Gozag.
  5270 | D:6      | Found a bloodstained altar of Trog.
  5662 | D:7      | Reached XP level 9. HP: 49/49 MP: 18/21
  5727 | D:7      | Found Qarea's Armour Emporium.
  5803 | D:7      | Found a white marble altar of Elyvilon.
  5816 | D:7      | Reached skill level 8 in Dodging
  6100 | D:7      | Reached skill level 1 in Shields
  6198 | D:7      | Reached ** piety under Vehumet
  6198 | D:7      | Offered knowledge of Shock by Vehumet.
  6218 | D:7      | Reached skill level 5 in Hexes
  6593 | D:8      | Noticed Erica
  6876 | D:8      | Found a basalt altar of Yredelemnul.
  6877 | D:8      | Found a hide-covered altar of Uskayaw.
  6879 | D:8      | Found a shimmering altar of Xom.
  6936 | D:8      | Killed Erica
  6937 | D:8      | Reached skill level 9 in Dodging
  7394 | D:8      | Noticed Joseph
  7564 | D:8      | Killed Joseph
  7565 | D:8      | Reached XP level 10. HP: 30/58 MP: 19/24
  8074 | D:9      | Found a staircase to the Lair.
  8074 | D:9      | Noticed an elephant
  8078 | D:9      | Noticed a two-headed ogre
  8295 | D:9      | Reached skill level 10 in Dodging
  8448 | D:9      | Reached skill level 5 in Fighting
  8877 | D:8      | Killed an elephant
  9289 | D:9      | Offered knowledge of Static Discharge by Vehumet.
  9449 | D:9      | Found a runed translucent door.
  9581 | D:9      | Killed a two-headed ogre
  9582 | D:9      | Reached skill level 5 in Shields
  9582 | D:9      | Reached skill level 10 in Spellcasting
  9706 | D:9      | Reached *** piety under Vehumet
  9737 | D:9      | Found a bloodstained altar of Trog.
 10259 | D:10     | Entered Level 10 of the Dungeon
 10358 | D:10     | Reached XP level 11. HP: 65/65 MP: 21/27
 11000 | D:10     | Found a burning altar of Makhleb.
 11000 | D:10     | Noticed a balrug
 11178 | D:11     | Offered knowledge of Ignite Poison by Vehumet.
 11801 | D:12     | Found a glowing silver altar of Zin.
 11834 | D:12     | Reached skill level 1 in Earth Magic
 11838 | D:12     | Reached **** piety under Vehumet
 11881 | D:12     | Offered knowledge of Inner Flame by Vehumet.
 11968 | D:12     | Noticed an ogre mage
 11977 | D:12     | Killed an ogre mage
 11986 | D:12     | Noticed a wizard
 11994 | D:12     | Killed a wizard
 11997 | D:12     | Noticed a deep elf mage
 12005 | D:12     | Killed a deep elf mage
 12037 | D:12     | Noticed a wizard
 12248 | D:12     | Reached skill level 5 in Fire Magic
 12260 | D:12     | Learned a level 5 spell: Bolt of Magma
 12261 | D:12     | Noticed an orc sorcerer
 12263 | D:12     | Noticed a wizard
 12272 | D:12     | Noticed a soul eater
 12272 | D:12     | Killed a wizard
 12275 | D:12     | Killed an orc sorcerer
 12508 | D:12     | Reached skill level 11 in Dodging
 12662 | D:12     | Noticed a wizard
 12669 | D:12     | Killed a wizard
 12670 | D:12     | Reached XP level 12. HP: 72/72 MP: 24/28
 12674 | D:12     | Got a fine short sword
 12675 | D:12     | Identified the +1 short sword of the Twisting Firefly
                  | {vorpal, +Inv rPois Int+2 Dex-3} (You found it on level 12
                  | of the Dungeon)
 12734 | D:12     | Noticed an ogre mage
 12813 | D:12     | Killed an ogre mage
 12853 | D:12     | Cast into level 2 of the Abyss (a wizard)
 13082 | Abyss:2  | HP: 2/73 [sixfirhy (12)]
 13082 | Abyss:2  | Killed from afar by a raiju

Illustrated notes

Levels and vault maps discovered:
D:1:      dpeg_arrival_boxorama, layout_loops_ring
D:2:      layout_loops_ring, chequers_ecumenical_altar_simple_redux,
          kennysheep_cross_room, chequers_serial_rivers_small_3
D:3:      layout_rooms, kennysheep_okawaru_gauntlet
D:4:      layout_basic, lemuel_zombie_altar_kikubaaqudgha,
          minmay_temple_entry_junction
D:5:      layout_rooms, gammafunk_ghost_cemetery, minmay_manual_moon,
          uniq_crazy_yiuf_cottage, uniq_grinder
D:6:      layout_basic, grunt_temple_overflow_opulence, trog_hazing_becter,
          uniq_eustachio, uniq_sigmund
D:7:      layout_cave_pools, general_overflow_altar, serial_shops,
          kennysheep_mini
D:8:      layout_basic, chequers_temple_overflow_statue_of_worship, uniq_erica,
          uniq_joseph
D:9:      layout_roguey, bloody_trog, david_lair_generic, moated_statue,
          lightli_church_of_beogh
D:10:     layout_loops_ring, makhleb_altar_promises_db
D:11:     layout_small_grid, kennysheep_flooded_box
D:12:     minmay_tri_stars, layout_rooms, hiddenorc1_lemuel, basic_altar
Temple:   eino_temple_lava
Abyss:2:  base:
D:8

Skill      XL: |  1  2  3  4  5  6  7  8  9 10 11 |
---------------+----------------------------------+-----
Dodging        | 3 4 5 6 7 9 10 11 | 11.4
Conjurations   | 5 6 7 8 9 |  9.7
Spellcasting   | 4 5 6 7 8 10 | 10.0
Fighting       | 1 2 4 6 7 |  7.7
Hexes          | 1 3 4 5 6 |  6.0
Translocations | 1 2 3 |  3.0
Armour         | 1 |  1.8
Fire Magic     | 2 3 5 |  5.0
Shields        | 2 5 6 |  6.5
Earth Magic    | 4 |  4.9
Stealth        | |  2.4

Action                   |  1- 3 |  4- 6 |  7- 9 | 10-12 || total
-------------------------+-------+-------+-------+-------++-------
Melee: Dagger            |     8 |       |     2 |       ||    10
       Scimitar          |       |       |       |     5 ||     5
 Cast: Magic Dart        |    35 |    63 |    19 |     3 ||   120
       Searing Ray       |     3 |    23 |    60 |    91 ||   177
       Foxfire           |       |       |    34 |    13 ||    47
       Fulminant Prism   |       |       |    12 |    47 ||    59
       Iskenderun's Myst |       |       |     2 |    43 ||    45
       Bolt of Magma     |       |       |       |     5 ||     5
  Use: Scroll            |       |     1 |    11 |    10 ||    22
 Stab: Sleeping          |       |       |       |     1 ||     1
Armor: Robe              |     4 |     3 |    17 |     8 ||    32
       Scale mail        |       |     1 |    20 |       ||    21
       Steam dragon scal |       |       |       |    14 ||    14
Dodge: Dodged            |    11 |    14 |    54 |    77 ||   156
Block: Kite shield       |       |       |    18 |    15 ||    33
       Rpst.: Scimitar   |       |       |       |    13 ||    13
